Zazza, neutral female human Tourist --- ------ ---- --- --.------ --..|.---- |..---- ---.| |....--.| --......|.-- |.....| ------ |...| |.......| |....|.....| ---- --....-- --.--.-- |...------- --.|....-- |..-----...-- --..| --....---- |......| --...||...| -----...--- |..| ---....-- |...| ---- |.......|--- |......-- --...||...| |.......-- ---- |.......| |-..----..| |-......|..---.......| |....--.|.--- ---.|.|....| ---......-- |.....|...--|..............--.|..| ---...|...|...|--|...|.|--..| |........| |-.........---..---........--------|...|.|.-----.|.--.--|.| ---- ---.--.....| |...............| |.....G.).......--.--|.|.| --......--|.| |...|.....-- --.|............--|-.....@...----.<..| |.|.| |........||.| ---.--.....-- ----............||........--- |..--- |...| --....----|.| |...||....-- |-..|........|--.......| ---- |...| ------ ---.| ---.----...-- |...|-.......---.......-- ----- ---...| |...| |...-- --.--|..................---- --...|.| ---.--- --..| --- |............----.....| |....|.--|...| ---- --....>|.....| |.....| |...-|...|..-- --..----..--- ----.-- --.----.....| |..| ---- --- --- |....-- ---- ------ Zazza the Rambler Experience level: 1 Strength: 14 Dexterity: 9 Constitution: 14 Intelligence: 15 Wisdom: 8 Charisma: 18 Health: 0(10) Energy: 2(2) Def: 1 Gold: 169 Moves: 559 Dungeon seed: sDUxtXGrDz4OYgCY Game ID: Zazza_1619469512 Your Inventory: Coins $ - 169 gold pieces Amulets F - a cursed amulet of restful sleep Weapons a - 33 blessed +2 darts (in quiver) Armor e - an uncursed +0 Hawaiian shirt (being worn) r - an uncursed +0 cloak of displacement (being worn) Comestibles b - an uncursed tin of jackal meat c - 3 uncursed eggs d - an uncursed apple f - 4 uncursed food rations g - an uncursed candy bar h - an uncursed tripe ration B - an uncursed clove of garlic H - 2 uncursed food rations Scrolls k - a blessed scroll of magic mapping o - a cursed scroll of gold detection p - an uncursed scroll of teleportation v - a blessed scroll of identify A - an uncursed scroll of identify E - an uncursed scroll of fire Potions i - 2 uncursed potions of extra healing t - a blessed potion of hallucination K - a blessed potion of blindness Rings M - a cursed -1 ring of increase accuracy Tools l - an expensive camera (0:61) m - an uncursed credit card n - a magic marker (0:80) Gems q - 2 uncursed worthless pieces of violet glass Spells and supernatural/magical abilities: Name Level Category Fail Memory W - pray for help -- divine ? -- Your skills at the end: Fighting Skills Weapon Skills dart [Basic] Spellcasting Skills Final Attributes: You were stridently aligned. You were displaced. You were lucky. You are dead. Vanquished creatures: a kitten a large kobold a fox a goblin a grid bug 5 creatures vanquished. Voluntary challenges: You were an atheist. You never hit with a wielded weapon. You read items or engraved 3 times, starting on turn 77. You never genocided any monsters. You never polymorphed an object. You never changed form. You used no wishes. You never split a pudding. You never wrote Elbereth's name. You never violated your personal moral code. Dungeon overview: The Dungeons of Doom: levels 1 to 4 Level 1 a long staircase Level 2 a general store, some fountains Level 3 a bookstore Level 4 a fountain stairs to The Gnomish Mines The Gnomish Mines: Level 5 <- You were here stairs to The Dungeons of Doom History has recorded: On T:1 you entered the Dungeons of Doom to retrieve the Amulet of Yendor! On T:67 you reached level 2 of The Dungeons of Doom. On T:307 you reached level 3 of The Dungeons of Doom. On T:418 you reached level 4 of The Dungeons of Doom. On T:545 you reached level 1 of The Gnomish Mines. Score breakdown: Gold: 0 ( 0 points) Experience: 1 level ( 0 points) Exploration: 5 levels ( 10.20%) ( 8660 points) Discoveries: 4 items ( 1.34%) ( 3475 points) Valuables value: (no points given unless you survive) Artifact value: 0 ( 0 points) Variety of kills: 5 monsters ( 1.31%) ( 3436 points) Turncount: 559 turns ( 0 points) Survival: died (score multiplied by 80%) Total score: 12456 Latest messages: The dart hits the goblin. You kill the goblin! M - a tiger eye ring. a - a blessed +2 dart (in quiver). You see here a goblin corpse. This goblin corpse tastes terrible! You finish eating the goblin corpse. a - a blessed +2 dart (in quiver). With great effort you move the boulder. $ - 28 gold pieces. $ - 141 gold pieces. As you read the scroll, it disappears. A map coalesces in your mind! You see here 2 violet gems. (2x) q - 2 violet gems. The gnome hits! You see here 2 crossbow bolts. The gnome hits! The gnome lord swings his crossbow. The gnome lord hits! You die... Final status: Aloha Zazza the Tourist, killed by a gnome lord... You died in The Gnomish Mines on dungeon level 5 with 12456 points, and 169 pieces of gold, after 559 moves. You were level 1 with a maximum of 10 hit points when you died.